 Dungeon Crawl Stone Soup version 0.31-a0-164-g2312942fda (webtiles) character file.

Game seed: 12163186067129008097

545 kiwi3s the Trooper (level 7, -1/87 (93) HPs)
             Began as a Minotaur Berserker on June 13, 2023.
             Was a Believer of Trog.
             Slain by a wight
             ... wielding a +3 trident
              (7 damage)
             ... on level 5 of the Dungeon.
             The game lasted 00:03:00 (2217 turns).

kiwi3s the Trooper (Minotaur Berserker)             Turns: 2217, Time: 00:03:01

HP:   -1/87 (93)    AC:  6    Str: 24    XL:     7   Next: 6%
MP:   6/6           EV: 12    Int:  4    God:    Trog [**....]
Gold: 161           SH:  0    Dex:  9    Spells: 6/6 levels left

rFire   . . .        a - +0 hand axe
rCold   . . .        (no shield)
rNeg    . . .        h - +0 ring mail
rPois   .            (helmet restricted)
rElec   .            (no cloak)
rCorr   .            (no gloves)
SInv    .            (no boots)
Will    .....        (no amulet) Stlth
                     (no ring)
HPRegen 0.34/turn    (no ring)
MPRegen 0.10/turn

%: no passive effects
@: berserking, drained, very quick
A: horns 2, retaliatory headbutt
a: Renounce Religion, Berserk, Trog's Hand


You were on level 5 of the Dungeon.
You worshipped Trog.
Trog was pleased with you.
You visited 1 branch of the dungeon, and saw 4 of its levels.

You collected 161 gold pieces.

Inventory:

Hand Weapons
 a - a +0 hand axe (weapon)
 p - the +5 whip "Focizonk" {spect, rElec Str+6}
   (You found it on level 5 of the Dungeon)

   Str:       It affects your strength (+6).
   rElec:     It insulates you from electricity.
Armour
 b - a +0 animal skin
 h - a +0 ring mail (worn)
Jewellery
 g - a ring of protection from cold
Scrolls
 d - 2 scrolls of noise {unknown}
 e - a scroll of vulnerability {unknown}
 f - 6 scrolls of identify {unknown}
 j - a scroll of poison {unknown}
 l - a scroll of immolation {unknown}
 n - a scroll of torment {unknown}
 o - a scroll of blinking {unknown}
 q - a scroll of silence {unknown}
Potions
 c - a potion of berserk rage {unknown}
 i - 2 potions of invisibility {unknown}
 k - a potion of heal wounds {unknown}
 m - a potion of curing {unknown}
 r - a potion of mutation {unknown}


   Skills:
 + Level 5.8 Fighting
 + Level 5.7 Axes
 + Level 5.0 Armour
 + Level 4.6 Dodging


You had 6 spell levels left.
You didn't know any spells.
Your spell library was empty.

Dungeon Overview and Level Annotations

Branches:
Dungeon (5/15)
 Temple: D:4-7

Altars:


Innate Abilities, Weirdness & Mutations

You have a pair of horns on your head.
You reflexively headbutt those who attack you in melee.


Message History

There is a stone staircase leading up, spattered with blood here.
Found 3 poisoned darts.
No target in view! 2 wights come into view.
A wight comes into view. It is wielding a +3 trident.
There are monsters nearby!
There are monsters nearby!
The wight hits you with a +0 short sword!
You feel drained.
You hit the wight. Your headbutt misses the wight.
The wight is moderately damaged.
The wight hits you with a +0 short sword!
You slash the wight! Your headbutt misses the wight.
The wight is almost destroyed.
The wight hits you with a +0 short sword!
The wight hits you from afar with a +3 trident!
You feel drained.
You are too injured to fight recklessly!
You are too injured to fight recklessly!
You are too injured to fight recklessly!
The wight attacks as you move away!
The wight hits you with a +0 short sword.
You feel drained.
* * * LOW HITPOINT WARNING * * *
A red film seems to cover your vision as you go berserk!
You feel yourself moving faster!
You feel mighty!
The wight hits you with a +0 short sword!
* * * LOW HITPOINT WARNING * * *
The wight barely misses you.
You completely miss the wight.
The wight is almost destroyed.
The wight hits you with a +0 short sword.
* * * LOW HITPOINT WARNING * * *
The wight hits you from afar with a +3 trident!
* * * LOW HITPOINT WARNING * * *
You hit the wight.
You destroy the wight!
Trog accepts your kill.
The wight hits you from afar with a +3 trident!
You die...

#.# #.# #.# #.# #.#
########### #.# #
#.........#
#####.##.#..#
#.#######.#
#.@)z.......# #.#
#####.###<##z..#....#
#.#
#.........#...(.#####
#.###.###.######...##
#.........## ##.##
####.......# #.#
#..####.# #.# #..# .
#+# #..## .#


You could see 2 wights.

Vanquished Creatures
  An ice beast (D:3)
  A black bear (D:5)
  2 scorpions (D:5)
  A wight (D:5)
  2 orc priests (D:5)
  A jelly (D:5)
  An iguana (D:5)
  A sleepcap (D:5)
  4 gnolls (D:2)
  2 adders (D:2)
  3 dart slugs
  6 orcs
  5 ball pythons
  4 bats
  2 endoplasms
  A giant cockroach (D:3)
  4 goblins
  3 hobgoblins
  2 kobolds
  2 quokkas
  3 frilled lizards
  2 rats
53 creatures vanquished.

Notes
Turn   | Place    | Note
-------+----------+-------------------------------------------
     0 | D:1      | kiwi3s the Minotaur Berserker began the quest for the Orb.
     0 | D:1      | Reached XP level 1. HP: 19/19 MP: 0/0
    55 | D:1      | Reached XP level 2. HP: 27/27 MP: 1/1
   665 | D:2      | Reached XP level 3. HP: 28/33 MP: 2/2
   768 | D:2      | Reached XP level 4. HP: 25/41 MP: 3/3
   866 | D:2      | Identified the +1 robe of the Albatross {Regen+}
  1283 | D:3      | Noticed an ice beast
  1298 | D:3      | Killed an ice beast
  1299 | D:3      | Reached XP level 5. HP: 11/47 MP: 4/4
  1339 | D:3      | Reached ** piety under Trog
  1439 | D:3      | You fall into a shaft and drop 2 floors!
  1439 | D:5      | Entered Level 5 of the Dungeon
  1507 | D:5      | Noticed a black bear
  1514 | D:5      | Killed a black bear
  1515 | D:5      | Reached skill level 5 in Fighting
  1515 | D:5      | Reached skill level 5 in Axes
  1515 | D:5      | Reached XP level 6. HP: 56/56 MP: 5/5
  1644 | D:5      | Identified the +0 pair of gloves "Zofachakk" {rF- rC+++
                  | Int+4}
  1778 | D:5      | Identified the +5 whip "Focizonk" {spect, rElec Str+6}
  2042 | D:5      | Reached XP level 7. HP: 45/62 MP: 6/6
  2187 | D:5      | Reached skill level 5 in Armour
  2217 | D:5      | Slain by a wight

Illustrated notes

Levels and vault maps discovered:
D:1:      lightli_arrival_lavapool, layout_basic, minmay_heptomino_o4
D:2:      layout_rooms, kennysheep_path_1, hex_large
D:3:      layout_basic, minmay_pentomino_pile, uniq_ijyb
D:5:      layout_loops_corners, nrook_loot_triangle

Skill      XL: |  1  2  3  4  5  6  7 |
---------------+----------------------+-----
Fighting       | 4 5 |  5.8
Axes           | 4 5 |  5.7
Armour         | 3 4 5 |  5.0
Dodging        | 3 4 |  4.6

Action                     |  1- 3 |  4- 6 |  7- 9 || total
---------------------------+-------+-------+-------++-------
  Melee: Hand axe          |    36 |    91 |     7 ||   134
         Headbutt          |    10 |     7 |     1 ||    18
         Punch             |       |     4 |       ||     4
 Invoke: Berserk           |       |     3 |     1 ||     4
 Armour: Ring mail         |     2 |    26 |       ||    28
         Animal skin       |     1 |       |       ||     1
  Dodge: Dodged            |    31 |    42 |     2 ||    75

Table legend: (Time is in decaauts)
 A = Elapsed time spent in this place.
 B = Non-inter-level travel time spent in this place.
 C = Inter-level travel time spent in this place.
 D = Time resting spent in this place.
 E = Time spent auto-exploring this place.
 F = Levels seen in this place.
 G = Mean time per level.
                   A        B        C        D        E       F      G
               +--------+--------+--------+--------+--------+-----+--------+
         Total |   2248 |   2217 |     31 |    238 |   1663 |   4 |  562.0 |
       Dungeon |   2248 |   2217 |     31 |    238 |   1663 |   4 |  562.0 |
               +--------+--------+--------+--------+--------+-----+--------+

Top non-repeatable levels by time:
     D:5: 797 daAuts
     D:1: 622 daAuts
     D:2: 593 daAuts
     D:3: 235 daAuts
